 Dungeon Crawl Stone Soup version 0.21.1-1-g345015f (webtiles) character file.

394 prawnwizard the Cudgeler (level 7, -3/55 HPs)
             Began as a Formicid Abyssal Knight on July 10, 2018.
             Was a Believer of Lugonu.
             Slain by an ogre
             ... wielding a +0 giant club
              (18 damage)
             ... on level 5 of the Dungeon.
             The game lasted 00:10:11 (5253 turns).

prawnwizard the Cudgeler (Formicid Abyssal Knight)  Turns: 5253, Time: 00:10:11

Health: -3/55      AC: 11    Str: 18    XL:     7   Next: 9%
Magic:  10/10      EV:  5    Int: 10    God:    Lugonu [**....]
Gold:   246        SH:  0    Dex: 10    Spells: 6/6 levels left

rFire    . . .     SeeInvis +   t - +0 morningstar
rCold    . . .     Gourm    .   (no shield)
rNeg     . . .     Faith    .   s - +0 plate armour
rPois    .         Spirit   .   (helmet unavailable)
rElec    .         Reflect  .   (no cloak)
rCorr    .         Harm     .   (no gloves)
MR       .....                  (no boots)
Stlth    ..........             (no amulet)
HPRegen  0.18/turn              l - ring of stealth
MPRegen  0.12/turn              w - +2 ring of slaying

@: no status effects
A: permanent stasis, dig shafts and tunnels, four strong arms, antennae 3, dopey
1, screaming 1
a: Dig, Shaft Self, Depart the Abyss, Bend Space, Renounce Religion


You were on level 5 of the Dungeon.
You worshipped Lugonu.
Lugonu was pleased with you.
You were not hungry.

You visited 1 branch of the dungeon, and saw 5 of its levels.
You visited the Abyss 1 time.

You collected 246 gold pieces.

Inventory:

Hand Weapons
 t - a +0 morningstar (weapon)
Armour
 b - a +0 leather armour
 e - a +0 ring mail
 s - a +0 plate armour (worn)
Jewellery
 l - a ring of stealth (left hand)
 w - a +2 ring of slaying (right hand)
Scrolls
 d - 8 scrolls of identify {unknown}
 h - a scroll of amnesia
 k - 4 scrolls of remove curse
 n - a scroll of teleportation {unknown}
 q - a scroll of fog {unknown}
 r - a scroll of enchant armour {unknown}
 u - a scroll of blinking {unknown}
 x - a scroll of magic mapping {unknown}
Potions
 g - a potion of haste {unknown}
 i - a potion of experience {unknown}
 j - a potion of brilliance {unknown}
 m - 2 potions of degeneration {unknown}
 o - 2 potions of lignification {unknown}
 p - 2 potions of magic {unknown}
 v - a potion of heal wounds {unknown}
Books
 a - a book of Callings

   Spells                             Type                      Level
   a - Summon Small Mammal            Summoning                    1
   b - Call Imp                       Summoning                    2
   c - Call Canine Familiar           Summoning                    3
   d - Summon Guardian Golem          Hexes/Summoning              3
   e - Summon Lightning Spire         Summoning/Air                4
   f - Summon Ice Beast               Ice/Summoning                4
Miscellaneous
 f - a phial of floods
Comestibles
 c - 8 rations


   Skills:
 + Level 4.9 Fighting
 * Level 5.0 Maces & Flails
 + Level 2.6 Armour
 + Level 1.3 Dodging
 + Level 4.2 Invocations


You had 6 spell levels left.
You didn't know any spells.

Dungeon Overview and Level Annotations

Branches:
Dungeon (5/15)             Temple (0/1) D:4

Altars:
Ashenzari
Cheibriados
Nemelex Xobeh
Qazlal


Innate Abilities, Weirdness & Mutations

You cannot be hasted, slowed, berserked, paralysed or teleported.
You can dig through walls and to a lower floor.
Your four strong arms can wield two-handed weapons with a shield.
You have a pair of large antennae on your head. (SInv)
You are dopey. (Int -2)
You occasionally shout uncontrollably at your foes.


Message History

You shout at the ogre!
The hound barks!
There are monsters nearby!
The ogre hits you with a giant club.
You puncture the ogre!
The ogre is moderately wounded.
You hit the ogre.
The ogre is heavily wounded.
The ogre barely misses you.
You hit the ogre but do no damage.
The ogre is heavily wounded.
The ogre hits you with a giant club!
You hit the ogre.
The ogre is heavily wounded.
The ogre hits you with a giant club!!
* * * LOW HITPOINT WARNING * * *
You sock the ogre!
The ogre is almost dead.
The ogre hits you with a giant club!!
You die...

....#
#()).......................
....#
###.....#.......###........
....### #.....#.......#
##....... ....))#
#.............# ##......
...#### #.............#
##..... ..#####
#####....(....# #.....
.รท....######...########
#..... ......#......#...#
####.# ........########@#
#.. ......###### #O# ##.
...........>. #h# ##
......######. ... ......#
##... ####### #.... {
#..... #...... #.......


You could see an ogre and a hound.

Vanquished Creatures
  A centaur (D:5)
  A crimson imp (D:5)
  A hound (D:5)
  An orc priest (D:3)
  An orc wizard (D:5)
  2 worker ants
  A hound zombie (D:2)
  An adder (D:4)
  An ooze (D:1)
  An adder skeleton (D:4)
  5 worms
  A dart slug (D:3)
  2 leopard geckos
  14 orcs
  A ball python (D:1)
  6 giant cockroaches
  7 goblins
  11 hobgoblins
  2 quokkas (D:4)
  12 bats
  2 frilled lizards (D:1)
  A jackal skeleton (D:4)
  A kobold (D:2)
  9 rats
85 creatures vanquished.

Notes
Turn   | Place    | Note
-------+----------+-------------------------------------------
     0 | Abyss:1  | prawnwizard the Formicid Abyssal Knight began the quest for the Orb.
     0 | Abyss:1  | Reached XP level 1. HP: 18/18 MP: 2/2
    49 | Abyss:1  | Gained mutation: You occasionally shout uncontrollably at your foes. [mutagenic glow]
    62 | Abyss:1  | Noticed a lorocyproca
    81 | D:1      | Escaped the Abyss
    98 | D:1      | Gained mutation: You are dopey. (Int -2) [mutagenic glow]
   368 | D:1      | Reached * piety under Lugonu
   406 | D:1      | Reached XP level 2. HP: 22/24 MP: 3/3
   854 | D:1      | Reached XP level 3. HP: 22/30 MP: 4/4
  1642 | D:2      | Found a sparkling altar of Nemelex Xobeh.
  1734 | D:2      | Reached skill level 3 in Maces & Flails
  1734 | D:2      | Reached XP level 4. HP: 19/37 MP: 6/6
  2038 | D:2      | Reached ** piety under Lugonu
  2878 | D:3      | Found a stormy altar of Qazlal.
  3024 | D:3      | Found a faded altar of an unknown god.
  3049 | D:3      | Reached XP level 5. HP: 37/42 MP: 7/7
  3175 | D:3      | Found a shattered altar of Ashenzari.
  3417 | D:3      | Found a snail-covered altar of Cheibriados.
  4034 | D:4      | Found a staircase to the Ecumenical Temple.
  4070 | D:4      | Reached skill level 4 in Maces & Flails
  4298 | D:4      | Noticed an ogre
  4319 | D:4      | You fall through a shaft!
  4319 | D:5      | Entered Level 5 of the Dungeon
  4612 | D:5      | Reached XP level 6. HP: 44/49 MP: 8/8
  4858 | D:5      | Reached skill level 1 in Dodging
  4907 | D:5      | Reached XP level 7. HP: 23/55 MP: 10/10
  5125 | D:5      | Reached skill level 5 in Maces & Flails
  5253 | D:5      | Slain by an ogre

Skill      XL: |  1  2  3  4  5  6  7 |
---------------+----------------------+-----
Fighting       | 4 |  4.9
Maces & Flails | 3 4 5 |  5.0
Invocations    | 3 4 |  4.2
Dodging        | 1 |  1.3
Armour         | |  2.6

Action                   |  1- 3 |  4- 6 |  7- 9 || total
-------------------------+-------+-------+-------++-------
Melee: Mace              |    95 |   188 |       ||   283
       Morningstar       |       |    11 |    14 ||    25
Invok: Depart the Abyss  |     1 |       |       ||     1
       Bend Space        |       |     1 |       ||     1
 Abil: Dig               |       |     5 |       ||     5
       Shaft Self        |       |     1 |       ||     1
  Use: Scroll            |     2 |       |       ||     2
 Stab: Sleeping          |     1 |     2 |       ||     3
  Eat: Chunk             |     3 |     8 |     1 ||    12
       Ration            |       |     1 |       ||     1
Armor: Leather armour    |    30 |       |       ||    30
       Ring mail         |     7 |    69 |       ||    76
       Plate armour      |       |     9 |     6 ||    15
Dodge: Dodged            |    55 |   113 |     1 ||   169
